 Dungeon Crawl Stone Soup version 0.26-b1-59-ge38874ec40 (webtiles) character file.

Game seed: 17913051352850933541

534 lastplaneout the Cleaver (level 7, -3/57 HPs)
             Began as a Minotaur Fighter on Jan 9, 2021.
             Was a Believer of Ru.
             Killed by divine providence
             ... invoked by an orc priest
              (15 damage)
             ... on level 4 of the Dungeon.
             The game lasted 00:11:30 (3951 turns).

lastplaneout the Cleaver (Minotaur Fighter)         Turns: 3951, Time: 00:11:31

Health: -3/57      AC:  7    Str: 23    XL:     7   Next: 4%
Magic:  6/6        EV:  7    Int:  5    God:    Ru [**....]
Gold:   361        SH:  9    Dex:  9    Spells: 6/6 levels left

rFire    . . .     SeeInvis .   a - +0 war axe
rCold    . . .     Faith    .   c - +0 kite shield
rNeg     . . .     Spirit   .   b - +1 scale mail
rPois    .         Reflect  .   (helmet restricted)
rElec    .         Harm     .   (no cloak)
rCorr    .         Rampage  .   (no gloves)
Will     .....                  (no boots)
Stlth    ..........             (no amulet)
HPRegen  0.19/turn              (no ring)
MPRegen  0.10/turn              (no ring)

@: no status effects
A: retaliatory headbutt, horns 2, inability to use devices
a: Renounce Religion


You were on level 4 of the Dungeon.
You worshipped Ru.
Ru was pleased with you.
You visited 1 branch of the dungeon, and saw 4 of its levels.

You collected 361 gold pieces.

Inventory:

Hand Weapons
 a - a +0 war axe (weapon)
 w - a +1 dire flail of holy wrath
Armour
 b - a +1 scale mail (worn)
 c - a +0 kite shield (worn)
Jewellery
 n - an uncursed ring of poison resistance {unknown}
Wands
 v - a wand of digging (1)
Scrolls
 h - 4 scrolls of enchant armour
 i - a scroll of blinking
 j - 2 scrolls of fog
 k - 5 scrolls of identify {unknown}
 m - 4 scrolls of remove curse {unknown}
 p - 2 scrolls of amnesia {unknown}
 s - a scroll of teleportation
 u - a scroll of random uselessness {unknown}
 x - a scroll of enchant weapon {unknown}
Potions
 d - a potion of might
 e - 4 potions of mutation {unknown}
 f - 2 potions of magic {unknown}
 g - 5 potions of curing
 l - a potion of attraction {unknown}
 o - 3 potions of brilliance {unknown}
 q - a potion of cancellation {unknown}
 r - a potion of heal wounds {unknown}
 t - 2 potions of flight {unknown}


   Skills:
 - Level 3.6 Fighting
 + Level 9.3 Axes
 - Level 3.6 Armour
 - Level 3.6 Shields


You had 6 spell levels left.
You didn't know any spells.
Your spell library was empty.

Dungeon Overview and Level Annotations

Branches:
Dungeon (4/15)
 Temple: D:4-7

Altars:
Ashenzari
Ru
Sif Muna
Uskayaw
Vehumet
Xom
Zin
Beogh

Annotations:
D:4 Morgon's ghost, amateur HaAK


Innate Abilities, Weirdness & Mutations

You reflexively headbutt those who attack you in melee.
You have a pair of horns on your head.
You cannot study or use magical devices.


Message History

The orc hits you but does no damage.
You hit the orc but do no damage. You headbutt the orc.
You kill the orc!
Your scale mail prevents you from hitting Morgon's ghost.
Morgon's ghost hits you!
* * * LOW HITPOINT WARNING * * *
You block Morgon's ghost's attack. The orc barely misses you.
You slash the orc!
You kill the orc!
You slash Morgon's ghost!
The orc priest begins to cast a cantrip, but forgets the words!
Morgon's ghost hits you.
* * * LOW HITPOINT WARNING * * *
The orc hits you but does no damage.
You redirect the orc priest's attack!
The orc priest calls down the wrath of Beogh upon the orc.
The orc writhes in agony.
The orc priest invokes the aid of Beogh against you.
Beogh smites you!
You die...

#............... ###
#............... #######8#
###..............
8.....#.#####...........###..
..##..#............#.....##..
..8#..#...................###
..##..#....................##
....#.#..##..................
[...#.'..##.@................
_.8.#.o..##.W............<...
[...#o'o###..................
)...#.#.###.o................
..##..#.o.o..................
..8#..#...........##.........
..##!.#.........###.####.....
8.....#........<##.## #......
#######8........#.#####......


You could see an orc priest, Morgon's ghost and an orc.

Vanquished Creatures
  Edmund (D:4)
  A big kobold (D:3)
  A scorpion (D:4)
  Ijyb (D:4)
  An iguana (D:4)
  2 orc wizards (D:4)
  3 worker ants
  A hound skeleton (D:4)
  3 adders
  An ooze (D:1)
  2 worms (D:3)
  2 leopard geckos (D:1)
  6 orcs
  9 giant cockroaches
  8 goblins
  11 hobgoblins
  14 kobolds
  A quokka (D:2)
  A ball python (D:3)
  5 bats
  5 frilled lizards
  A jackal skeleton (D:4)
  4 rats
84 creatures vanquished.

Notes
Turn   | Place    | Note
-------+----------+-------------------------------------------
     0 | D:1      | lastplaneout the Minotaur Fighter began the quest for the
                  | Orb.
     0 | D:1      | Reached XP level 1. HP: 19/19 MP: 0/0
    69 | D:1      | Reached skill level 3 in Axes
   117 | D:1      | Reached XP level 2. HP: 22/26 MP: 1/1
   336 | D:1      | Reached skill level 4 in Axes
   735 | D:1      | Reached XP level 3. HP: 31/31 MP: 2/2
  1149 | D:2      | Reached skill level 5 in Axes
  1272 | D:2      | Reached XP level 4. HP: 39/39 MP: 3/3
  1841 | D:3      | Found a sacrificial altar of Ru.
  1866 | D:3      | Became a worshipper of Ru the Awakened
  1872 | D:3      | Found a broken altar of Ashenzari.
  2110 | D:3      | Noticed a big kobold
  2133 | D:3      | Killed a big kobold
  2134 | D:3      | Reached skill level 6 in Axes
  2134 | D:3      | Reached XP level 5. HP: 40/45 MP: 4/4
  2230 | D:3      | Found a hide-covered altar of Uskayaw.
  2232 | D:3      | Found a radiant altar of Vehumet.
  2373 | D:3      | Found a glowing silver altar of Zin.
  2421 | D:3      | Reached skill level 7 in Axes
  2523 | D:3      | Found a shimmering blue altar of Sif Muna.
  3018 | D:4      | Reached XP level 6. HP: 22/51 MP: 5/5
  3243 | D:4      | Noticed Ijyb
  3248 | D:4      | Noticed Edmund
  3253 | D:4      | Reached skill level 8 in Axes
  3263 | D:4      | Killed Ijyb
  3272 | D:4      | Killed Edmund
  3273 | D:4      | Reached skill level 9 in Axes
  3365 | D:4      | Found a runed translucent gate.
  3367 | D:4      | Gained mutation: You cannot study or use magical devices.
                  | [Ru sacrifice]
  3367 | D:4      | Reached * piety under Ru
  3367 | D:4      | Reached ** piety under Ru
  3369 | D:4      | Found a runed translucent gate.
  3369 | D:4      | Noticed Morgon's ghost (amateur HaAK)
  3370 | D:4      | Found a runed translucent gate.
  3372 | D:4      | Found a roughly hewn altar of Beogh.
  3372 | D:4      | Identified the +1 scale mail "Moomid" {+Blink Str+2}
  3373 | D:4      | Identified the +1 leather armour "Xoita" {rN+}
  3594 | D:4      | Reached XP level 7. HP: 55/57 MP: 6/6
  3627 | D:4      | Found a shimmering altar of Xom.
  3951 | D:4      | Killed from afar by an orc priest

Illustrated notes

Levels and vault maps discovered:
D:1:      dpeg_arrival_central, layout_basic, nrook_uturn
D:2:      layout_basic
D:3:      cheibrodos_thug_alley, layout_basic, nicolae_overflow_crystal_walls,
          tgw_sif, nicolae_ru_sacrificial_ziggurat, zin_statuary, minitemple
D:4:      layout_rooms, biasface_ghost_orc_armoury, amcnicky_altar_gilded,
          uniq_ijyb, uniq_edmund

Skill      XL: |  1  2  3  4  5  6 |
---------------+-------------------+-----
Axes           | 3 4 5 6 7 9 |  9.3
Fighting       | |  3.6
Armour         | |  3.6
Shields        | |  3.6

Action                   |  1- 3 |  4- 6 |  7- 9 || total
-------------------------+-------+-------+-------++-------
Melee: War axe           |    56 |   141 |    11 ||   208
       Headbutt          |     8 |    28 |     2 ||    38
Invok: Sacrifice Artific |       |     1 |       ||     1
  Use: Scroll            |     6 |       |       ||     6
Armor: Scale mail        |    21 |    64 |     8 ||    93
Dodge: Dodged            |    18 |    33 |     3 ||    54
Block: Kite shield       |    25 |    68 |     7 ||   100
